Cogmind - Beta 15 *** ADVENTURER MODE // 2025.06.26 @ 14:37:24 Player: Bulbasornado Result: Escaped! Performance ------------- Evolutions (9) 4500 Regions Visited (28) 5600 Robots Destroyed (531) 2655 Value Destroyed (19128) 19128 Prototype IDs (125) 2500 Alien Tech Used (3) 600 Bonus (12040) 12040 TOTAL SCORE: 47023 Bonus ------- High Alert Combat Kills 1229 Follower Combat Kills 1176 Entered Garrisons 600 Used RIF Installer 2000 Network Hubs Disabled 200 Aligned with FarCom 300 Met Zhirov 300 Built Enhanced Grunts 300 Found Hidden Lab 3000 Win 3000 Friendly Fire -65 Cogmind --------- Core Integrity 1579/1600 Matter 10/300 Energy 99/280 System Corruption 0% Temperature Cool (63) Movement Flying (20) Location To Epsilon Eridani Parts ------- > --- POWER (4) -------- Light Quantum Reactor Light Quantum Reactor > --- PROPULSION (14) -- Improved VTOL Module Improved VTOL Module Nuclear Pulse Array Nuclear Pulse Array Nuclear Pulse Array Nuclear Pulse Array Cooled Field Propulsion Drive Improved Diametric Drive Cooled Impulse Thruster Cooled Impulse Thruster > --- UTILITY (4) ------ Improved Cloaking Device Centrium Medium Armor Plating Centrium Medium Armor Plating Quantum Router > --- WEAPON (3) ------- Improved Matter Neutralizer > --- INVENTORY (5) ---- Light Quantum Reactor Improved VTOL Module Advanced Reaction Control System Enhanced Nova Cannon Peak State ------------ > --- POWER ------------ Backup Power I Micro Fission Core Light Quantum Reactor Light Quantum Reactor > --- PROPULSION ------- Improved VTOL Module Improved VTOL Module Nuclear Pulse Array Nuclear Pulse Array Nuclear Pulse Array Nuclear Pulse Array Cooled Field Propulsion Drive Improved Diametric Drive Cooled Impulse Thruster Cooled Impulse Thruster > --- UTILITY ---------- Improved Cloaking Device Centrium Medium Armor Plating Centrium Medium Armor Plating Quantum Router > --- WEAPON ----------- Improved Matter Neutralizer Guided Micro-nuke Launcher > --- INVENTORY -------- Improved VTOL Module Advanced Reaction Control System Enhanced Nova Cannon [Rating: 182] Favorites ----------- Power Deuterium Engine Engine Deuterium Engine Power Core Enhanced Nuclear Core Reactor Light Quantum Reactor Propulsion Armored Treads Treads Armored Treads Leg Aluminum Leg Hover Unit Combat Airjet Flight Unit Improved VTOL Module Utility Improved Medium Armor Plating Device Cloak of Protection Storage Large Storage Unit Processor Core Analyzer Hackware Hacking Suite Protection Improved Medium Armor Plating Weapon Magnetic Acceleration Cannon Energy Gun Medium Laser Energy Cannon Improved Matter Neutralizer Ballistic Gun Light Assault Rifle Ballistic Cannon Magnetic Acceleration Cannon Launcher Precision Grenade Launcher Special Melee Weapon Datajack Build | -11 -10 -10 -10 -9 -8 -8 -8 -8 -8 -8 -7 -7 -6 -6 -6 -6 -6 -5 -5 -5 -5 -4 -4 -4 -4 -3 -2 -1 ------- Run | Yrd Mat Min Exi Min Mat Gar Mat Gar Mat Gar Fac Sto Fac Ext Cet Arc Hub Fac Upp Upp Zhi Pro Fac Arm Lab Res Res Acc Slots Evolved 18 | . . . . . 4 . . . . . 2 . 2 . . . . 2 . . . . 2 . . 2 2 2 Power 3 | . . . . . . . . . . . . . 1 . . . . 1 . . . . . . . 1 . . Propulsion 12 | . . . . . 2 . . . . . 1 . 1 . . . . 1 . . . . 2 . . 1 2 2 Utility 2 | . . . . . 1 . . . . . 1 . . . . . . . . . . . . . . . . . Weapon 1 | . . . . . 1 . . . . . . . . . . . . . . . . . . . . . . . Parts Attached 165 | 3 8 3 3 5 32 14 15 . 9 2 9 3 12 3 5 . 2 4 4 . 4 . 4 2 1 11 4 3 Power 21 | . 1 1 . . 1 3 3 . 1 . 2 . 2 1 1 . . 1 1 . . . . 1 . . 2 . Engine 10 | . 1 1 . . 1 1 2 . 1 . 1 . 2 . . . . . . . . . . . . . . . Core 8 | . . . . . . 2 1 . . . 1 . . 1 . . . 1 1 . . . . 1 . . . . Reactor 3 | . . . . . . . . . . . . . . . 1 . . . . . . . . . . . 2 . Propulsion 59 | 2 1 1 1 . 17 3 5 . 5 . 2 1 5 . . . . 2 2 . . . 3 . . 6 2 1 Treads 36 | 2 1 1 1 . 17 3 4 . 5 . 1 1 . . . . . . . . . . . . . . . . Leg . | . . . . . . . . . . . . . . . . . . . . . . . . . . . . . Wheel . | . . . . . . . . . . . . . . . . . . . . . . . . . . . . . Hover 4 | . . . . . . . . . . . . . . . . . . 1 1 . . . 2 . . . . . Flight 19 | . . . . . . . 1 . . . 1 . 5 . . . . 1 1 . . . 1 . . 6 2 1 Utility 55 | 1 4 . . 2 8 3 5 . 3 . 4 . 4 2 4 . 2 1 1 . 4 . 1 1 . 4 . 1 Device 12 | 1 . . . 1 2 . . . . . 1 . . 1 1 . . . 1 . . . 1 . . 3 . . Storage 5 | . 1 . . . 1 . . . 1 . . . . . . . . . . . 2 . . . . . . . Processor 5 | . 1 . . 1 1 . . . . . 1 . . . . . . 1 . . . . . . . . . . Hackware 13 | . . . . . 1 . 3 . 1 . . . 3 1 1 . . . . . 1 . . . . 1 . 1 Protection 20 | . 2 . . . 3 3 2 . 1 . 2 . 1 . 2 . 2 . . . 1 . . 1 . . . . Artifact . | . . . . . . . . . . . . . . . . . . . . . . . . . . . . . Weapon 30 | . 2 1 2 3 6 5 2 . . 2 1 2 1 . . . . . . . . . . . 1 1 . 1 Energy Gun . | . . . . . . . . . . . . . . . . . . . . . . . . . . . . . Energy Cannon 2 | . . . . . . . . . . . . . . . . . . . . . . . . . 1 1 . . Ballistic Gun 7 | . 1 1 1 2 1 . . . . . . 1 . . . . . . . . . . . . . . . . Ballistic Cannon 14 | . 1 . . . 5 5 1 . . 1 . 1 . . . . . . . . . . . . . . . . Launcher 6 | . . . . 1 . . 1 . . 1 1 . 1 . . . . . . . . . . . . . . 1 Special Weapon . | . . . . . . . . . . . . . . . . . . . . . . . . . . . . . Impact Weapon . | . . . . . . . . . . . . . . . . . . . . . . . . . . . . . Slashing Weapon . | . . . . . . . . . . . . . . . . . . . . . . . . . . . . . Piercing Weapon . | . . . . . . . . . . . . . . . . . . . . . . . . . . . . . Special Melee Weapon 1 | . . . 1 . . . . . . . . . . . . . . . . . . . . . . . . . Unidentified Prototypes 22 | . . . . 1 1 . . . . . 2 . . . 2 . . . . . 4 . 1 1 1 7 1 1 Parts Lost 17 | . . . 1 1 3 2 . . . 1 . 2 . 1 . . 2 . . . . . 1 . . 1 . 2 Power 4 | . . . . . . 1 . . . . . . . 1 . . 1 . . . . . . . . . . 1 Propulsion 2 | . . . . . 1 . . . . . . 1 . . . . . . . . . . . . . . . . Utility 6 | . . . 1 . 2 . . . . 1 . . . . . . 1 . . . . . . . . 1 . . Weapon 5 | . . . . 1 . 1 . . . . . 1 . . . . . . . . . . 1 . . . . 1 Highest Loss Streak 2 | . . . 1 1 1 2 . . . 1 . 2 . 1 . . 1 . . . . . 1 . . 1 . 2 To Critical Strikes . | . . . . . . . . . . . . . . . . . . . . . . . . . . . . . Average Backups 13 | 5 13 15 14 13 14 14 14 15 14 14 14 14 6 4 5 5 5 4 5 4 5 5 3 5 4 4 3 4 Power . | 1 1 1 1 1 1 . . 1 1 1 . 1 . . 1 1 1 . 1 . . . . . . . . . Propulsion 2 | 3 4 4 3 3 2 2 2 2 2 2 2 4 . 1 1 1 1 . 2 2 2 2 . 1 1 2 2 1 Utility 5 | . 2 2 4 4 6 6 6 7 6 6 5 4 3 2 2 2 2 2 1 1 1 1 1 2 2 2 1 1 Weapon 4 | 1 4 5 6 4 5 5 5 5 5 5 5 4 2 1 1 1 1 1 1 1 1 1 . 1 . . . . Tool/Special . | . . . . . . . . . . . . . . . . . . . . . . . . . . . . . Unused Backups 61 | 6 6 3 1 . 16 3 1 . 5 . 7 2 1 1 . . . 2 . . . . . . 1 . 3 3 Power 7 | 1 1 . . . 1 . . . . . 2 . . . . . . . . . . . . . . . 1 1 Propulsion 11 | 2 2 . . . 2 1 . . 3 . 1 . . . . . . . . . . . . . . . . . Utility 26 | 1 2 1 . . 8 1 . . 2 . 2 2 1 1 . . . 2 . . . . . . . . 2 1 Weapon 17 | 2 1 2 1 . 5 1 1 . . . 2 . . . . . . . . . . . . . 1 . . 1 Tool/Special . | . . . . . . . . . . . . . . . . . . . . . . . . . . . . . Average Slot Usage (%) 98 | . 99 99 87 99 99 99 99 100 99 99 99 98 96 99 100 100 99 90 94 100 100 100 99 100 93 72 71 75 Engine 7 | . 14 14 14 14 9 7 5 9 9 9 3 . 11 8 6 6 6 4 5 5 5 5 5 5 5 4 4 3 Core 1 | . . . . . . 1 3 . . . 3 7 . 3 6 6 6 3 5 11 11 11 10 10 10 9 7 . Treads 31 | . 27 28 28 28 35 36 35 36 35 36 37 37 2 . . . . . . . . . . . . . . . Flight 3 | . . . . . . . . . . . . . 36 40 40 40 40 37 29 35 35 35 33 31 31 29 33 39 Device 1 | . . . . . 7 . . . . . . . . . . . 1 . . . . . . . . 1 4 4 Storage 8 | . 14 14 14 14 9 9 9 9 9 9 7 7 . . . . . . . . . . . . . . . . Hackware 1 | . . . . . . . 2 . 2 . . . 11 12 13 13 13 11 11 11 9 11 10 10 10 9 4 4 Protection 14 | . 13 14 13 14 7 17 15 18 15 17 22 21 11 13 13 13 11 7 5 5 6 5 5 5 5 3 8 8 Ballistic Gun 3 | . 14 14 6 21 2 . . . . . . 2 13 12 13 13 13 11 11 11 11 11 10 10 4 . . . Ballistic Cannon 20 | . 8 13 4 5 24 27 26 26 26 26 22 19 5 . . . . . . . . . . . . . . . Peak Build Rating 182 | 7 8 9 9 17 38 44 46 43 44 43 52 53 62 63 76 68 70 76 81 81 84 83 98 95 94 120 151 182 Average Rating 40 | 6 7 8 8 9 34 41 42 42 42 42 49 50 59 61 66 68 68 72 75 81 80 83 92 94 93 106 140 175 On Entrance 57 | 6 7 8 9 9 10 36 41 43 43 43 42 51 49 62 62 68 68 65 75 81 81 83 83 95 93 94 118 151 Naked Turns . | . . . . . . . . . . . . . . . . . . . . . . . . . . . . . Heaviest Build 85 | 13 32 32 30 30 58 64 67 66 66 66 85 85 76 31 28 28 28 27 30 30 30 30 30 30 30 38 63 74 Greatest Support 106 | 40 40 40 40 40 96 106 92 84 92 80 100 100 100 32 32 32 32 27 32 32 32 32 32 32 32 64 64 90 Greatest Overweight (x) 16 | . . 1 . . . . . . . . 1 16 . 9 . . . . . 2 . . . . . . . . Average Overweight (x) . | . . . . . . . . . . . . . . . . . . . . . . . . . . . . . Largest Inventory Capacity 15 | 8 15 15 15 15 15 15 15 15 15 15 15 15 15 5 5 5 5 5 5 5 5 5 5 5 5 5 5 5 Average Capacity 14 | 8 14 15 15 15 15 15 15 15 15 15 15 15 6 5 5 5 5 5 5 5 5 5 5 5 5 5 5 5 Most Carried 15 | 7 15 15 15 14 15 15 15 15 15 15 15 15 15 5 5 5 5 5 5 5 5 5 5 5 5 5 5 5 Average Carried 13 | 5 13 14 14 13 14 14 14 15 14 14 14 14 5 4 5 5 5 4 4 4 4 5 3 4 4 4 3 4 Final Capacity 15 | 8 15 15 15 15 15 15 15 15 15 15 15 15 5 5 5 5 5 5 5 5 5 5 5 5 5 5 5 5 Final Carried 15 | 4 15 15 13 14 15 15 15 15 15 15 15 15 5 5 5 5 5 5 4 5 5 5 5 4 5 5 5 5 Class Distribution -------------------- 52% | Tank 15% | Mutant 11% | Skirmisher 8% | Hacker-Skirmisher 6% | Hacker-Sprinter Dominant Class ---------------- Mutant | -10/Materials Mutant | -10/Mines Mutant | -10/Exiles Mutant | -9/Mines Skirmisher | -8/Materials Tank | -8/Garrison Tank | -8/Materials Tank | -8/Garrison Tank | -8/Materials Tank | -8/Garrison Tank | -7/Factory Tank | -7/Storage Hacker-Sprinter | -6/Factory Hacker-Tank | -6/Extension Hacker-Sprinter | -6/Cetus Hacker-Sprinter | -6/Archives Hacker-Sprinter | -6/Hub_04(d) Hacker-Sprinter | -5/Factory Hacker-Sprinter | -5/Upper Caves Hacker-Tank | -5/Upper Caves Hacker-Sprinter | -5/Zhirov Hacker-Sprinter | -4/Proximity Caves Hacker-Sprinter | -4/Factory Hacker-Sprinter | -4/Armory Hacker-Sprinter | -4/Lab Hacker-Sprinter | -3/Research Hacker-Sprinter | -2/Research Hacker-Sprinter | -1/Access Resources | -11 -10 -10 -10 -9 -8 -8 -8 -8 -8 -8 -7 -7 -6 -6 -6 -6 -6 -5 -5 -5 -5 -4 -4 -4 -4 -3 -2 -1 ----------- Run | Yrd Mat Min Exi Min Mat Gar Mat Gar Mat Gar Fac Sto Fac Ext Cet Arc Hub Fac Upp Upp Zhi Pro Fac Arm Lab Res Res Acc Matter Collected 14649 | 229 431 159 153 271 1630 1473 1743 965 1765 1034 1914 1454 141 359 133 . 181 . 77 68 . 49 . . . 337 3 80 Remotely . | . . . . . . . . . . . . . . . . . . . . . . . . . . . . . Salvage Created 14824 | 29 1396 222 46 74 1895 737 2117 880 1903 1185 2475 1150 13 215 47 . 45 . . . . . . . . 189 3 203 Parts 838 | 2 94 13 3 . 107 42 107 57 108 61 131 64 . 11 2 . 3 . . . . . . . . 3 2 28 Haulers Intercepted 30 | . 2 . . . 6 . 6 . 6 . 6 4 . . . . . . . . . . . . . . . . Recyclers Shooed 11 | . 3 . . . 1 . 3 . 1 . 3 . . . . . . . . . . . . . . . . . Parts Field Recycled . | . . . . . . . . . . . . . . . . . . . . . . . . . . . . . Retrieved Matter . | . . . . . . . . . . . . . . . . . . . . . . . . . . . . . Parts Self-Destructed . | . . . . . . . . . . . . . . . . . . . . . . . . . . . . . Prevented . | . . . . . . . . . . . . . . . . . . . . . . . . . . . . . Kills | -11 -10 -10 -10 -9 -8 -8 -8 -8 -8 -8 -7 -7 -6 -6 -6 -6 -6 -5 -5 -5 -5 -4 -4 -4 -4 -3 -2 -1 ------- Run | Yrd Mat Min Exi Min Mat Gar Mat Gar Mat Gar Fac Sto Fac Ext Cet Arc Hub Fac Upp Upp Zhi Pro Fac Arm Lab Res Res Acc Combat Hostiles Destroyed 402 | . 33 10 2 8 50 32 50 39 51 38 48 26 . 7 1 . . . . . . . . . . . . 7 Guns 36 | . 19 5 . 4 5 . . . . . . 1 . 1 1 . . . . . . . . . . . . . Cannons 319 | . 14 5 2 . 45 32 42 28 47 35 44 25 . . . . . . . . . . . . . . . . AOE 47 | . . . . 4 . . 8 11 4 3 4 . . 6 . . . . . . . . . . . . . 7 Classes Destroyed 18 | 1 6 . 2 2 3 3 1 . . . . . . . . . . . . . . . . . . . . . Worker 28 | . 1 . . . 1 . . . 6 . 4 3 . . . . 2 . . . . . . . . 1 1 9 Builder 14 | . . . . . 1 . 5 . . . 4 3 . . . . . . . . . . . . . . . 1 Tunneler 7 | 1 . 1 . . 1 . 1 . 1 . 1 . . . . . . . . . . . . . . . . 1 Hauler 30 | . 2 . . . 6 . 6 . 6 . 6 4 . . . . . . . . . . . . . . . . Recycler 20 | . 4 . . . . . 3 . 1 . 9 2 . . . . . . . . . . . . . 1 . . Mechanic 2 | . . . . . 1 . . . . . . 1 . . . . . . . . . . . . . . . . Operator 4 | . . . . . . . 1 . 1 . 1 . 1 . . . . . . . . . . . . . . . Watcher 30 | . 3 . . . 5 2 5 . 5 . 4 1 1 2 . . . . . . . . . . . . . 2 Swarmer 64 | . 6 6 . . 10 6 5 14 3 3 2 . . 3 . . . . . . . . . . . . . 6 Grunt 207 | . 27 4 . . 23 13 34 14 34 17 24 13 . 4 . . . . . . . . . . . . . . Brawler 3 | . . . . . . 1 . 1 . . . 1 . . . . . . . . . . . . . . . . Duelist 4 | . . . . . . 1 . 1 . 2 . . . . . . . . . . . . . . . . . . Sentry 74 | . . . . . 14 8 11 7 12 6 6 9 . . . . . . . . . . . . . . . 1 Hunter 19 | . . . 1 . 3 2 . . 2 1 8 2 . . . . . . . . . . . . . . . . Programmer 21 | . . . 1 . . . . 2 . 9 8 1 . . . . . . . . . . . . . . . . Behemoth 1 | . . . . . . 1 . . . . . . . . . . . . . . . . . . . . . . Cetus Guard 1 | . . . . . . . . . . . . . . . 1 . . . . . . . . . . . . . Zionite 1 | . . . . 1 . . . . . . . . . . . . . . . . . . . . . . . . Assembled 8 | . . . . 8 . . . . . . . . . . . . . . . . . . . . . . . . Thug 1 | . . . . . . . . . . . 1 . . . . . . . . . . . . . . . . . Best Kill Streak 16 | 1 3 3 1 4 5 6 7 10 11 7 7 7 2 4 1 . 2 . . . . . . . . 1 1 16 Combat Bots Only 10 | . 3 3 1 4 4 5 6 10 7 7 3 5 . 4 1 . . . . . . . . . . . . 4 Max Kills in Single Turn 5 | 1 1 2 1 4 2 2 3 3 3 3 5 2 1 3 1 . 2 . . . . . . . . 1 1 5 Gunslinging . | . . . . . . . . . . . . . . . . . . . . . . . . . . . . . Exploded 4 | . . . . 4 . . 3 3 2 3 2 . . 3 . . . . . . . . . . . . . 3 Melee . | . . . . . . . . . . . . . . . . . . . . . . . . . . . . . Uniques/NPCs Destroyed . | . . . . . . . . . . . . . . . . . . . . . . . . . . . . . Combat | -11 -10 -10 -10 -9 -8 -8 -8 -8 -8 -8 -7 -7 -6 -6 -6 -6 -6 -5 -5 -5 -5 -4 -4 -4 -4 -3 -2 -1 -------- Run | Yrd Mat Min Exi Min Mat Gar Mat Gar Mat Gar Fac Sto Fac Ext Cet Arc Hub Fac Upp Upp Zhi Pro Fac Arm Lab Res Res Acc Hostile Shots Fired 1361 | . 75 32 32 26 160 154 51 62 102 86 166 187 12 45 2 . 23 . . 6 . 6 14 . . 30 . 90 Missed 455 | . 18 8 11 6 50 39 20 24 35 28 57 46 2 21 1 . 15 . . 4 . 3 8 . . 20 . 39 Hits 906 | . 57 24 21 20 110 115 31 38 67 58 109 141 10 24 1 . 8 . . 2 . 3 6 . . 10 . 51 Melee 9 | . . . . 8 . . . . . . . . . . . . . . . . . . . . . 1 . . Projectile 897 | . 57 24 21 12 110 115 31 38 67 58 109 141 10 24 1 . 8 . . 2 . 3 6 . . 9 . 51 Critical Strikes 17 | . . . 1 . 2 2 1 1 1 4 2 1 . . . . . . . . . . . . . . . 2 Part Disruptions 3 | . . . . 1 . . . . . 1 . . . . . . . . . . . . 1 . . . . . Damage Taken 9328 | . 474 227 254 308 1217 1233 385 399 784 602 891 871 110 233 26 . 182 . . 26 . 62 122 . . 187 . 735 Core 637 | . 77 8 51 64 97 64 38 16 58 6 8 64 15 23 . . . . . . . 14 . . . 13 . 21 Absorbed by Shields 136 | . . . . . . . . 12 . 104 . . . 20 . . . . . . . . . . . . . . Ignored by Resistances 3415 | . 154 68 76 84 405 534 110 121 227 199 496 458 34 75 7 . 50 . . 8 . 18 34 . . 51 . 206 Regen/Repaired (Parts) 2066 | . 272 . . . 58 . 449 . 456 . . 522 278 . . . . 31 . . . . . . . . . . Core Remaining (%) 83 | 100 . . . 20 . . . . . 49 . 89 . . . . 95 . . . . 98 . . 90 99 100 98 Volleys Fired 909 | 5 83 22 15 24 120 73 85 53 90 52 93 69 6 15 6 . 18 1 . . . 7 6 . 5 24 7 30 Largest 3 | 1 2 2 2 2 3 3 3 3 3 3 3 3 3 2 2 . 2 1 . . . 1 1 . 1 1 1 1 Hottest 132 | 50 70 50 50 50 111 132 132 128 128 128 124 128 94 72 50 . 50 36 . . . 36 36 . 100 113 113 113 Shots Fired 2250 | 5 165 45 30 41 350 203 239 145 259 152 268 190 14 29 9 . 26 1 . . . 7 6 . 5 24 7 30 Gun 396 | 5 126 23 15 36 123 . . . . . . 12 8 22 6 . 19 . . . . . . . 1 . . . Cannon 1787 | . 39 22 15 4 227 203 234 140 254 151 266 178 6 . . . . . . . . . . . 1 24 7 16 Launcher 67 | . . . . 1 . . 5 5 5 1 2 . . 7 3 . 7 1 . . . 7 6 . 3 . . 14 Special . | . . . . . . . . . . . . . . . . . . . . . . . . . . . . . Kinetic 2092 | . 127 45 30 40 350 203 234 140 254 151 266 190 14 22 6 . 19 . . . . . . . 1 . . . Thermal 91 | 5 38 . . . . . . . . . . . . . . . . . . . . . . . 1 24 7 16 Explosive 67 | . . . . 1 . . 5 5 5 1 2 . . 7 3 . 7 1 . . . 7 6 . 3 . . 14 Electromagnetic . | . . . . . . . . . . . . . . . . . . . . . . . . . . . . . Robot Hit Streak 49 | 2 32 26 23 7 32 49 34 31 32 27 33 39 2 4 6 . 5 . . . . . . . . 6 12 17 Robot Miss Streak 4 | 1 2 1 1 4 3 3 4 2 2 2 2 3 1 2 1 . 3 . . . . . . . . . . . Penetration Max 1 | . . . . . . . . 1 1 . 1 1 . . . . . . . . . . . . . . . . Secondary Targets 2 | . 2 . . . . . . . . . . . . . . . . . . . . . . . . . . . Max Gunslinging Chain 1 | . 1 . . . . . . . . . . . . . . . . . . . . . . . . . . . Shots Hit Robots 1516 | 3 138 35 30 23 249 148 146 95 181 100 177 138 7 16 5 . 8 . . . . . . . . 6 6 5 Core Hits 756 | 1 67 19 6 18 106 53 86 45 87 44 96 56 2 16 16 . 7 . . . . . . . . 2 1 28 Critical Kills 2 | . . . . 1 . . . . . . . . . . . . . . . . . . . . . 1 . . Critical Parts Destroyed 2 | . . . . . 1 . . . . . . 1 . . . . . . . . . . . . . . . . Critical Strikes 110 | . 4 . 1 1 6 1 19 8 21 9 18 21 . . . . . . . . . . . . . 1 . . Burn 3 | . 3 . . . . . . . . . . . . . . . . . . . . . . . . . . . Meltdown 1 | . . . . . . . . . . . . . . . . . . . . . . . . . . 1 . . Destroy 3 | . . . . 1 1 . . . . . . 1 . . . . . . . . . . . . . . . . Blast 103 | . 1 . 1 . 5 1 19 8 21 9 18 20 . . . . . . . . . . . . . . . . Melee Attacks 4 | . . . 4 . . . . . . . . . . . . . . . . . . . . . . . . . Impact . | . . . . . . . . . . . . . . . . . . . . . . . . . . . . . Slashing . | . . . . . . . . . . . . . . . . . . . . . . . . . . . . . Piercing . | . . . . . . . . . . . . . . . . . . . . . . . . . . . . . Sneak Attacks 4 | . . . 4 . . . . . . . . . . . . . . . . . . . . . . . . . Combat Hostiles . | . . . . . . . . . . . . . . . . . . . . . . . . . . . . . Follow-up Attacks . | . . . . . . . . . . . . . . . . . . . . . . . . . . . . . Damage Inflicted 46556 | 38 1890 454 303 454 4508 4173 5688 3405 6521 3218 6946 4335 166 974 377 . 266 . . . . . . . . 249 229 2362 Guns 3176 | 38 1184 166 102 179 859 . . . . . . 153 67 212 79 . 137 . . . . . . . . . . . Cannons 35030 | . 620 287 201 37 3563 4173 4803 2644 5614 3043 5247 4143 99 . . . . . . . . . . . . 249 229 78 Explosions 7592 | . . . . 235 . . 662 761 731 175 1555 . . 762 298 . 129 . . . . . . . . . . 2284 Melee . | . . . . . . . . . . . . . . . . . . . . . . . . . . . . . Ramming 758 | . 86 1 . 3 86 . 223 . 176 . 144 39 . . . . . . . . . . . . . . . . Kinetic 37188 | . 1380 453 303 216 4422 4173 4803 2644 5614 3043 5247 4296 166 212 79 . 137 . . . . . . . . . . . Thermal 1865 | 38 424 . . . . . . . . . 847 . . . . . . . . . . . . . . 249 229 78 Explosive 6616 | . . . . 235 . . 662 761 731 175 708 . . 762 298 . . . . . . . . . . . . 2284 Electromagnetic 129 | . . . . . . . . . . . . . . . . . 129 . . . . . . . . . . . Impact . | . . . . . . . . . . . . . . . . . . . . . . . . . . . . . Slashing . | . . . . . . . . . . . . . . . . . . . . . . . . . . . . . Piercing . | . . . . . . . . . . . . . . . . . . . . . . . . . . . . . Highest Corruption 8 | . . 1 1 5 . . . . . 8 2 2 . . . . . . . . . . 1 1 1 . . . Average Corruption 2 | . . 1 1 3 . . . . . 7 1 2 . . . . . . . . . . 1 1 1 . . . Corruption Purged . | . . . . . . . . . . . . . . . . . . . . . . . . . . . . . Corruption Blocked . | . . . . . . . . . . . . . . . . . . . . . . . . . . . . . Effects 117 | . . 6 9 17 . . . . . 37 25 23 . . . . . . . . . . . . . . . . Message Errors 25 | . . . 2 3 . . . . . 10 7 3 . . . . . . . . . . . . . . . . Matter Fused 22 | . . 1 1 3 . . . . . 7 5 5 . . . . . . . . . . . . . . . . Heat Flow Errors 12 | . . . 3 1 . . . . . 5 2 1 . . . . . . . . . . . . . . . . Energy Discharges 18 | . . 1 1 2 . . . . . 4 6 4 . . . . . . . . . . . . . . . . Parts Rejected 2 | . . . . 2 . . . . . . . . . . . . . . . . . . . . . . . . Parts Fused 3 | . . . . . . . . . . 3 . . . . . . . . . . . . . . . . . . Data Loss (minor) 14 | . . 2 2 2 . . . . . 1 2 5 . . . . . . . . . . . . . . . . Data Loss (major) 8 | . . . . 1 . . . . . 3 2 2 . . . . . . . . . . . . . . . . Misfires 4 | . . 1 . 1 . . . . . 1 . 1 . . . . . . . . . . . . . . . . Alerts 7 | . . 1 . 2 . . . . . 1 1 2 . . . . . . . . . . . . . . . . Weapon Failures 2 | . . . . . . . . . . 2 . . . . . . . . . . . . . . . . . . Overload Shots . | . . . . . . . . . . . . . . . . . . . . . . . . . . . . . Overflow Damage 1309 | . . . . 1 8 122 96 165 136 102 356 54 4 . 36 . 8 . . . . . . . . 12 . 209 Projectiles 694 | . . . . . 8 122 69 46 132 102 145 54 4 . . . . . . . . . . . . 12 . . Explosions 602 | . . . . 1 . . 15 119 3 . 211 . . . 36 . 8 . . . . . . . . . . 209 Melee 13 | . . . . . . . 12 . 1 . . . . . . . . . . . . . . . . . . . Knockbacks 224 | . 7 . . . 28 28 40 16 43 16 35 9 2 . . . . . . . . . . . . . . . Impact 4 | . . . . . . . 2 . 1 . . 1 . . . . . . . . . . . . . . . . Kinetic 208 | . 7 . . . 26 27 33 16 41 16 32 8 2 . . . . . . . . . . . . . . . Secondary 12 | . . . . . 2 1 5 . 1 . 3 . . . . . . . . . . . . . . . . . Self-Inflicted Damage 351 | . . . . 32 . . . 12 22 . 126 . . . . . 75 . . . . 19 . . . . . 65 Shots 11 | . . . . 1 . . . 1 3 . 3 . . . . . 1 . . . . 1 . . . . . 1 Rammed 89 | . 13 1 . 1 11 . 28 . 21 . 12 2 . . . . . . . . . . . . . . . . Targets Rammed 108 | . 16 1 . 1 17 . 31 . 25 . 13 4 . . . . . . . . . . . . . . . . Kicked . | . . . . . . . . . . . . . . . . . . . . . . . . . . . . . Crushed 19 | . 3 . . . 6 . 3 . 4 . 1 2 . . . . . . . . . . . . . . . . Highest Temperature 568 | 30 204 92 182 253 306 409 273 252 298 324 238 568 232 204 183 117 286 4 9 100 33 22 7 . 42 111 160 183 Average Temperature 72 | 14 45 27 48 45 71 146 68 72 65 83 65 116 85 59 50 43 91 2 2 30 16 12 3 . 15 42 64 60 Received Heat Transfer 3740 | . 321 108 . 109 630 576 252 216 495 199 294 414 . 48 9 . 21 . . . . 30 9 . . . . 9 Effects 19 | . . . . . . 6 . . 1 . . 8 2 2 . . . . . . . . . . . . . . Shutdowns 1 | . . . . . . 1 . . . . . . . . . . . . . . . . . . . . . . Energy Bleed 4 | . . . . . . 2 . . . . . 2 . . . . . . . . . . . . . . . . Interference 9 | . . . . . . 2 . . 1 . . 2 2 2 . . . . . . . . . . . . . . Matter Decay 1 | . . . . . . . . . . . . 1 . . . . . . . . . . . . . . . . Damage (minor) 2 | . . . . . . 1 . . . . . 1 . . . . . . . . . . . . . . . . Damage (major) 2 | . . . . . . . . . . . . 2 . . . . . . . . . . . . . . . . Siege Activations . | . . . . . . . . . . . . . . . . . . . . . . . . . . . . . Martial Activations . | . . . . . . . . . . . . . . . . . . . . . . . . . . . . . Shielding Activations . | . . . . . . . . . . . . . . . . . . . . . . . . . . . . . Robots Disrupted . | . . . . . . . . . . . . . . . . . . . . . . . . . . . . . Combat Hostiles . | . . . . . . . . . . . . . . . . . . . . . . . . . . . . . Robots Corrupted 1 | . . . . . . . . . 1 . . . . . . . . . . . . . . . . . . . Combat Hostiles . | . . . . . . . . . . . . . . . . . . . . . . . . . . . . . Parts Fried 3 | . . . . . . . . . 2 . . . . . . . 1 . . . . . . . . . . . Impact Corruptions 3 | . . . . . . . 2 . 1 . . . . . . . . . . . . . . . . . . . Robots Melted 1 | . . . . . . . . . . . . . . . . . . . . . . . . . . 1 . . Combat Hostiles . | . . . . . . . . . . . . . . . . . . . . . . . . . . . . . Parts Melted . | . . . . . . . . . . . . . . . . . . . . . . . . . . . . . Heat Transferred 2622 | 111 1443 . . . . . . . . . 550 . . . . . . . . . . . . . . 222 222 74 Parts Sabotaged . | . . . . . . . . . . . . . . . . . . . . . . . . . . . . . Parts Stolen . | . . . . . . . . . . . . . . . . . . . . . . . . . . . . . Parts Stripped . | . . . . . . . . . . . . . . . . . . . . . . . . . . . . . Power Chain Reactions . | . . . . . . . . . . . . . . . . . . . . . . . . . . . . . Alert | -11 -10 -10 -10 -9 -8 -8 -8 -8 -8 -8 -7 -7 -6 -6 -6 -6 -6 -5 -5 -5 -5 -4 -4 -4 -4 -3 -2 -1 ------- Run | Yrd Mat Min Exi Min Mat Gar Mat Gar Mat Gar Fac Sto Fac Ext Cet Arc Hub Fac Upp Upp Zhi Pro Fac Arm Lab Res Res Acc Maximum Alert Level 4 | . 1 . . . . 3 1 4 2 3 2 2 . . . . 2 1 . . . . . . . 1 . 3 Low Security (%) 69 | 100 94 100 . 100 100 24 82 8 70 13 47 33 100 100 100 100 42 . . . . . 100 100 . 79 100 28 Level 1 16 | . 5 . . . . 22 17 15 11 13 48 55 . . . . 14 100 . . . . . . . 20 . 12 Level 2 8 | . . . . . . 33 . 7 18 36 4 10 . . . . 42 . . . . . . . . . . 22 Level 3 4 | . . . . . . 19 . 46 . 36 . . . . . . . . . . . . . . . . . 36 Level 4 . | . . . . . . . . 21 . . . . . . . . . . . . . . . . . . . . Level 5 . | . . . . . . . . . . . . . . . . . . . . . . . . . . . . . High Security . | . . . . . . . . . . . . . . . . . . . . . . . . . . . . . Max Security . | . . . . . . . . . . . . . . . . . . . . . . . . . . . . . Sterilizations 3 | . . . . . 1 . 1 . 1 . . . . . . . . . . . . . . . . . . . Peak Influence 1125 | 5 236 70 . 10 166 890 373 1125 540 1011 459 572 87 194 155 101 587 246 . . . . 165 60 . 255 157 846 Initial 472 | . . 4 . . . . 373 87 472 . 459 148 87 19 65 41 23 243 . . . . 7 60 . . 132 64 Average 170 | . 87 16 . . 25 416 97 751 134 549 182 256 56 115 102 65 303 225 . . . . 62 56 . 103 138 442 Influence Increases 16380 | 5 1158 245 40 10 1593 910 1718 1118 1743 1021 2244 1088 70 421 250 90 794 66 . 15 . 45 277 . . 437 81 941 Destroy 0b10 Robot/C 8580 | . 660 200 40 . 1000 640 1000 820 1040 760 1020 560 . 220 120 60 280 . . . . . . . . 20 . 140 Destroy 0b10 Robot/NC 715 | 5 50 5 . . 75 10 105 . 100 . 155 75 10 10 5 . 25 . . . . . 5 . . 10 5 65 Destroy Leader 1820 | . 160 40 . . 292 30 272 50 312 40 320 162 2 34 . . 72 . . . . . . . . . . 34 Allied During Kill 124 | . . . . . . . . 2 . . 15 4 . 12 32 30 28 . . . . . . . . 1 . . Successful Hack 863 | . 26 . . . 79 46 33 6 56 18 116 86 17 14 . . 56 33 . . . . 60 . . 78 73 66 Select Force Hacks 750 | . 260 . . . 60 . 170 . 90 . 170 . . . . . . . . . . . . . . . . . Disable Machine 648 | . . . . . 36 9 54 27 18 36 234 36 9 9 . . 135 . . . . . 9 . . 9 . 27 Anti-Garrison Action 350 | . . . . . . 100 . 150 . 100 . . . . . . . . . . . . . . . . . . Destroy Structure 1285 | . 2 . . 10 36 45 84 63 97 37 214 45 2 32 18 . 138 18 . . . . 98 . . 34 3 309 Partial Spotted 255 | . . . . . . . . . 15 . . . 15 15 . . 15 15 . . . . 105 . . 60 . 15 Lose Combat Pursuer 990 | . . . . . 15 30 . . 15 30 . 120 15 75 75 . 45 . . 15 . 45 . . . 225 . 285 Influence Decreases 15535 | 5 1142 261 40 10 1593 20 2454 147 2868 10 2873 1244 249 334 259 134 298 434 175 34 15 30 148 94 50 167 228 219 Entered New Map 3207 | . . 12 . . . . 517 67 653 . 552 234 139 28 69 84 58 334 95 11 15 . 8 84 50 . 138 59 Time Decay 11108 | 5 1142 249 30 10 1583 . 1787 . 2195 . 2111 670 110 216 100 30 160 100 80 23 . 30 120 10 . 137 90 120 Lost Part 140 | . . . 10 . 10 20 . . . 10 . 20 . 10 . . 20 . . . . . 10 . . 10 . 20 Lost Ally 480 | . . . . . . . . 80 20 . 60 20 . 80 90 20 60 . . . . . 10 . . 20 . 20 Purge Threat 600 | . . . . . . . 150 . . . 150 300 . . . . . . . . . . . . . . . . Squads Dispatched 105 | . 12 . . . 14 . 11 . 15 . 20 7 1 . . . 12 4 . . . . 4 . . 2 . 3 Investigation 60 | . 12 . . . 6 . 7 . 9 . 12 1 1 . . . 7 2 . . . . 2 . . . . 1 Extermination 16 | . . . . . . . . . . . 8 2 . . . . 1 2 . . . . 1 . . 1 . 1 Reinforcement 16 | . . . . . 2 . 1 . 3 . . 3 . . . . 4 . . . . . 1 . . 1 . 1 Assault . | . . . . . . . . . . . . . . . . . . . . . . . . . . . . . Garrison 13 | . . . . . 6 . 3 . 3 . . 1 . . . . . . . . . . . . . . . . Intercept . | . . . . . . . . . . . . . . . . . . . . . . . . . . . . . Searches Triggered . | . . . . . . . . . . . . . . . . . . . . . . . . . . . . . Construction Impeded 5 | . . . . . . . 1 . 1 . . 1 . . . . . . . . . . 1 . . . . 1 Haulers Reinforced 2 | . . . . . . . . . . . . 2 . . . . . . . . . . . . . . . . Active Scanning Responses . | . . . . . . . . . . . . . . . . . . . . . . . . . . . . . Cargo Convoy Interrupts . | . . . . . . . . . . . . . . . . . . . . . . . . . . . . . Stealth | -11 -10 -10 -10 -9 -8 -8 -8 -8 -8 -8 -7 -7 -6 -6 -6 -6 -6 -5 -5 -5 -5 -4 -4 -4 -4 -3 -2 -1 --------- Run | Yrd Mat Min Exi Min Mat Gar Mat Gar Mat Gar Fac Sto Fac Ext Cet Arc Hub Fac Upp Upp Zhi Pro Fac Arm Lab Res Res Acc Distress Signals 22 | . . . . . 1 1 4 . 2 . . 1 1 1 2 . 3 . . . . . 3 . . 1 . 2 Communications Jammed . | . . . . . . . . . . . . . . . . . . . . . . . . . . . . . Distress Signals . | . . . . . . . . . . . . . . . . . . . . . . . . . . . . . Times Spotted 522 | . 32 9 2 12 59 33 53 36 58 29 50 27 5 19 8 . 23 . . 10 . 3 13 . . 24 1 16 Peak Tracking Total 14 | . 3 3 2 7 4 7 5 4 4 6 3 6 2 8 5 . 14 . . 12 . 3 12 . . 10 1 9 Tactical Retreats 34 | . . . . 1 1 2 . . 1 1 . 6 1 2 3 . 2 . . 1 . 1 . . . 6 . 6 Traps | -11 -10 -10 -10 -9 -8 -8 -8 -8 -8 -8 -7 -7 -6 -6 -6 -6 -6 -5 -5 -5 -5 -4 -4 -4 -4 -3 -2 -1 ------- Run | Yrd Mat Min Exi Min Mat Gar Mat Gar Mat Gar Fac Sto Fac Ext Cet Arc Hub Fac Upp Upp Zhi Pro Fac Arm Lab Res Res Acc Traps Triggered 29 | . 2 1 . . 2 . 2 1 1 4 7 2 . 2 . . 1 . . . . . 2 . . . . 2 Indirectly 1 | . . . . . . . . . . . . . . . . . 1 . . . . . . . . . . . Trap Hack Attempts . | . . . . . . . . . . . . . . . . . . . . . . . . . . . . . Triggered . | . . . . . . . . . . . . . . . . . . . . . . . . . . . . . Disarmed . | . . . . . . . . . . . . . . . . . . . . . . . . . . . . . Reprogrammed . | . . . . . . . . . . . . . . . . . . . . . . . . . . . . . Reused . | . . . . . . . . . . . . . . . . . . . . . . . . . . . . . Traps Extracted . | . . . . . . . . . . . . . . . . . . . . . . . . . . . . . Installed 4 | . . . . 4 . . . . . . . . . . . . . . . . . . . . . . . . Triggered . | . . . . . . . . . . . . . . . . . . . . . . . . . . . . . Machines | -11 -10 -10 -10 -9 -8 -8 -8 -8 -8 -8 -7 -7 -6 -6 -6 -6 -6 -5 -5 -5 -5 -4 -4 -4 -4 -3 -2 -1 ---------- Run | Yrd Mat Min Exi Min Mat Gar Mat Gar Mat Gar Fac Sto Fac Ext Cet Arc Hub Fac Upp Upp Zhi Pro Fac Arm Lab Res Res Acc Machines Disabled 75 | . . . . . 4 1 6 5 2 4 26 4 1 1 . . 15 . . . . . 1 . 1 1 . 3 Max in Single Turn 13 | . . . . . 1 1 1 2 1 1 9 1 1 1 . . 13 . . . . . 1 . 1 1 . 1 Garrison Access 6 | . . . . . . . . . . . 1 . . . . . 1 . . . . . . . . 1 2 1 Garrison Relay 1 | . . . . . . . . 1 . . . . . . . . . . . . . . . . . . . . Network Hub 1 | . . . . . . . . . . . . . . . . . 1 . . . . . . . . . . . Machines Repaired . | . . . . . . . . . . . . . . . . . . . . . . . . . . . . . Machines Dismantled . | . . . . . . . . . . . . . . . . . . . . . . . . . . . . . Machines Sabotaged 6 | . 4 . . . . . 1 . . . 1 . . . . . . . . . . . . . . . . . Overloaded Fab Kills . | . . . . . . . . . . . . . . . . . . . . . . . . . . . . . Hacking | -11 -10 -10 -10 -9 -8 -8 -8 -8 -8 -8 -7 -7 -6 -6 -6 -6 -6 -5 -5 -5 -5 -4 -4 -4 -4 -3 -2 -1 --------- Run | Yrd Mat Min Exi Min Mat Gar Mat Gar Mat Gar Fac Sto Fac Ext Cet Arc Hub Fac Upp Upp Zhi Pro Fac Arm Lab Res Res Acc Machines Accessed 176 | . 10 1 2 . 16 3 18 3 15 4 22 11 8 8 2 . 8 12 . . 4 . 6 2 . 8 8 5 Terminals 107 | . 7 . . . 10 3 11 3 9 4 11 8 5 8 2 . 7 5 . . . . 4 1 . 4 4 1 Fabricators 14 | . . . . . . . . . . . 3 . . . . . . 3 . . . . 2 . . 3 1 2 Repair Stations 14 | . 1 . . . 2 . 2 . 2 . 2 2 1 . . . . 1 . . . . . . . . . 1 Recycling Units 17 | . 2 . . . 2 . 2 . 1 . 3 . 2 . . . . 3 . . . . . 1 . . 1 . Scanalyzers 7 | . . . . . 1 . 2 . 2 . 2 . . . . . . . . . . . . . . . . . Garrison Access 10 | . . . . . 1 . 1 . 1 . 1 1 . . . . 1 . . . . . . . . 1 2 1 Total Hacks 755 | . 49 1 6 . 78 6 76 6 72 6 71 35 28 17 8 . 39 69 . . 17 . 41 19 . 37 47 27 Successful 487 | . 37 1 6 . 55 4 57 1 56 3 45 25 22 11 2 . 21 45 . . 17 . 18 11 . 16 25 9 Failed 266 | . 11 . . . 23 2 19 5 16 3 26 10 6 6 6 . 18 23 . . . . 23 8 . 21 22 18 Catastrophic 33 | . . . . . 4 . . 2 . 1 4 1 . . 2 . 1 1 . . . . 1 . . 6 6 4 Database Lockouts 2 | . 1 . . . . . . . . . . . . . . . . 1 . . . . . . . . . . Manual 438 | . 31 . 1 . 53 2 42 . 42 3 48 15 15 4 1 . 28 46 . . . . 35 11 . 20 25 16 Terminals 475 | . 35 . . . 55 6 46 6 49 6 31 21 19 17 8 . 38 38 . . . . 31 13 . 24 29 3 Fabricators 74 | . . . . . . . . . . . 15 . . . . . . 11 . . . . 10 . . 12 7 19 Repair Stations 67 | . 9 . . . 6 . 14 . 11 . 4 9 4 . . . . 6 . . . . . . . . . 4 Recycling Units 76 | . 5 . . . 13 . 5 . 5 . 14 . 5 . . . . 14 . . . . . 6 . . 9 . Scanalyzers 18 | . . . . . 2 . 8 . 2 . 6 . . . . . . . . . . . . . . . . . Garrison Access 21 | . . . . . 2 . 3 . 5 . 1 5 . . . . 1 . . . . . . . . 1 2 1 Terminal Hacks 183 | . 11 1 6 . 18 2 15 1 16 3 11 8 12 8 2 . 9 15 . . 17 . 8 5 . 7 8 . Record 13 | . . . 5 . . . . . . . . . . . 2 . 1 . . . 5 . . . . . . . Part Schematic 5 | . . . . . . . . . . . . . . . . . 1 . . . 4 . . . . . . . Robot Analysis 25 | . 2 . . . 5 . 4 . 2 . . . 3 . . . 1 3 . . 4 . 1 . . . . . Prototype ID Bank 46 | . 3 . . . 6 . 4 . 6 . 3 2 3 1 . . 3 5 . . 4 . 1 1 . 2 2 . Open Door 11 | . . 1 . . . . . 1 . 1 . 2 . 6 . . . . . . . . . . . . . . Open DSF 1 | . . . . . . . . . . . 1 . . . . . . . . . . . . . . . . . Level Access Points 4 | . . . . . . . 1 . . . . 1 . . . . . . . . . . . . . 1 1 . Branch Access Points 5 | . . . . . . . . . . . 1 . 1 . . . . 1 . . . . 1 . . . 1 . Emergency Access Points 6 | . . . . . . 1 2 . 1 1 . . . . . . . 1 . . . . . . . . . . Machine Index 1 | . . . . . . . . . . . . . . . . . . . . . . . . . . 1 . . Terminal Index 1 | . . . . . . . . . 1 . . . . . . . . . . . . . . . . . . . Garrison Index 1 | . . . . . . . . . . . . . . . . . . . . . . . 1 . . . . . Unreport Threat 4 | . . . . . . . 1 . . . 1 2 . . . . . . . . . . . . . . . . Locate Traps 34 | . 4 . . . 4 . 3 . 1 . 4 1 3 1 . . 3 4 . . . . 2 1 . 1 2 . Recall Extermination 1 | . . . . . . . . . . . . . . . . . . 1 . . . . . . . . . . Registered Components 1 | . . . . . . . . . . . . . . . . . . . . . . . . 1 . . . . Registered Prototypes 3 | . . . . . 1 . . . . . . . . . . . . . . . . . . 1 . 1 . . Zone Layout 18 | . 2 . . . 2 . . . 5 . 1 . 2 . . . . . . . . . 2 1 . 1 2 . Garrison Registry 1 | . . . . . . 1 . . . . . . . . . . . . . . . . . . . . . . Security Stations 1 | . . . . . . . . . . 1 . . . . . . . . . . . . . . . . . . Proto ID Catalog 1 | . . . 1 . . . . . . . . . . . . . . . . . . . . . . . . . Fabricator Hacks 9 | . . . . . . . . . . . 3 . . . . . . 1 . . . . 1 . . 1 1 2 Network Status 7 | . . . . . . . . . . . 2 . . . . . . 1 . . . . 1 . . 1 1 1 Load Schematic 1 | . . . . . . . . . . . 1 . . . . . . . . . . . . . . . . . Build 1 | . . . . . . . . . . . . . . . . . . . . . . . . . . . . 1 Repair Station Hacks 50 | . 8 . . . 5 . 12 . 10 . 1 8 4 . . . . 2 . . . . . . . . . . Scan Component 26 | . 4 . . . 3 . 6 . 6 . . 4 2 . . . . 1 . . . . . . . . . . Repair 22 | . 4 . . . 2 . 6 . 4 . . 3 2 . . . . 1 . . . . . . . . . . Refit 2 | . . . . . . . . . . . 1 1 . . . . . . . . . . . . . . . . Recycling Unit Hacks 33 | . 2 . . . 6 . 3 . 1 . 4 . 1 . . . . 6 . . . . . 3 . . 7 . Recycle Component 3 | . . . . . . . . . . . . . . . . . . . . . . . . . . . 3 . Process 5 | . . . . . 2 . . . . . . . . . . . . 1 . . . . . 1 . . 1 . Report Inventory 16 | . 2 . . . 2 . 3 . 1 . 2 . 1 . . . . 3 . . . . . 1 . . 1 . Retrieve Matter 5 | . . . . . 2 . . . . . . . . . . . . 1 . . . . . 1 . . 1 . Retrieve Components 4 | . . . . . . . . . . . 2 . . . . . . 1 . . . . . . . . 1 . Scanalyzer 8 | . . . . . 1 . 5 . . . 2 . . . . . . . . . . . . . . . . . Insert Component 4 | . . . . . 1 . 2 . . . 1 . . . . . . . . . . . . . . . . . Analyze 4 | . . . . . . . 3 . . . 1 . . . . . . . . . . . . . . . . . Garrison Access Hacks 10 | . . . . . 1 . 1 . 1 . 1 1 . . . . 1 . . . . . . . . 1 2 1 Unlock Access 4 | . . . . . 1 . 1 . 1 . . 1 . . . . . . . . . . . . . . . . Seal Access 6 | . . . . . . . . . . . 1 . . . . . 1 . . . . . . . . 1 2 1 Unauthorized Hacks 194 | . 16 . . . 24 2 21 . 28 . 23 8 5 3 . . 11 21 . . . . 9 3 . 7 7 6 Terminals 116 | . 13 . . . 19 2 14 . 18 . 8 5 3 3 . . 11 7 . . . . 4 3 . 2 4 . Track 12 | . 1 . . . 5 . 1 . 3 . . . . . . . . 1 . . . . . 1 . . . . Assimilate 4 | . . . . . . . . . . . 1 . . 1 . . . 1 . . . . 1 . . . . . Botnet 47 | . 4 . . . 4 1 5 . 5 . 4 3 2 2 . . 3 4 . . . . 3 1 . 2 4 . Disrupt 26 | . 2 . . . 7 1 4 . 6 . . 2 1 . . . 1 1 . . . . . 1 . . . . Operators 4 | . . . . . 1 . 2 . 1 . . . . . . . . . . . . . . . . . . . Sabotage 19 | . 6 . . . 2 . 1 . . . 3 . . . . . 7 . . . . . . . . . . . Search 4 | . . . . . . . 1 . 3 . . . . . . . . . . . . . . . . . . . Fabricators 32 | . . . . . . . . . . . 7 . . . . . . 7 . . . . 5 . . 5 3 5 Prioritize 4 | . . . . . . . . . . . 1 . . . . . . . . . . . 1 . . 1 . 1 Liberate 11 | . . . . . . . . . . . 2 . . . . . . 2 . . . . 2 . . 2 1 2 Fabnet 12 | . . . . . . . . . . . 2 . . . . . . 3 . . . . 2 . . 2 1 2 Haulers 4 | . . . . . . . . . . . 1 . . . . . . 2 . . . . . . . . 1 . Recompile 1 | . . . . . . . . . . . 1 . . . . . . . . . . . . . . . . . Repair Stations 3 | . 1 . . . . . 1 . . . . . . . . . . . . . . . . . . . . 1 Mechanics 1 | . . . . . . . . . . . . . . . . . . . . . . . . . . . . 1 Patch 2 | . 1 . . . . . 1 . . . . . . . . . . . . . . . . . . . . . Recycling Units 28 | . 2 . . . 5 . 2 . 4 . 6 . 2 . . . . 7 . . . . . . . . . . Reject 5 | . . . . . 1 . . . 1 . 1 . . . . . . 2 . . . . . . . . . . Recyclers 6 | . . . . . 1 . . . 1 . 1 . 1 . . . . 2 . . . . . . . . . . Mask 8 | . . . . . 1 . . . 1 . 2 . 1 . . . . 3 . . . . . . . . . . Tunnel 9 | . 2 . . . 2 . 2 . 1 . 2 . . . . . . . . . . . . . . . . . Scanalyzers 7 | . . . . . . . 3 . 2 . 2 . . . . . . . . . . . . . . . . . Researchers 1 | . . . . . . . 1 . . . . . . . . . . . . . . . . . . . . . Extract 6 | . . . . . . . 2 . 2 . 2 . . . . . . . . . . . . . . . . . Garrison Access 8 | . . . . . . . 1 . 4 . . 3 . . . . . . . . . . . . . . . . Broadcast 1 | . . . . . . . . . 1 . . . . . . . . . . . . . . . . . . . Reprogram 2 | . . . . . . . . . 1 . . 1 . . . . . . . . . . . . . . . . Intercept 3 | . . . . . . . 1 . 1 . . 1 . . . . . . . . . . . . . . . . Watchers 2 | . . . . . . . . . 1 . . 1 . . . . . . . . . . . . . . . . Data Cores Recovered 2 | . . . . . . . 1 . . . 1 . . . . . . . . . . . . . . . . . Used 1 | . . . . . . . . . . . 1 . . . . . . . . . . . . . . . . . Hacking Detections 145 | . 10 . . . 15 3 17 2 13 3 21 7 8 4 3 . 6 10 . . . . 5 2 . 7 6 3 Full Trace Events 13 | . 1 . . . 1 . . . 1 . 4 . 1 . . . . 2 . . . . 2 . . . . 1 Feedback Events 1 | . . . . . . . . . . . 1 . . . . . . . . . . . . . . . . . Corruption 1 | . . . . . . . . . . . 1 . . . . . . . . . . . . . . . . . Feedback Blocked . | . . . . . . . . . . . . . . . . . . . . . . . . . . . . . Robot Schematics Acquired . | . . . . . . . . . . . . . . . . . . . . . . . . . . . . . Robots Built . | . . . . . . . . . . . . . . . . . . . . . . . . . . . . . Authchips . | . . . . . . . . . . . . . . . . . . . . . . . . . . . . . Time . | . . . . . . . . . . . . . . . . . . . . . . . . . . . . . Total Robot Build Rating . | . . . . . . . . . . . . . . . . . . . . . . . . . . . . . Part Schematics Acquired 37 | . . . . . . . 11 . 10 . 11 . . . . . 1 . . . 4 . . . . . . . Parts Built 2 | . . . . . . . . . . . . . . . . . . . . . . . . . . . . 2 Authchips . | . . . . . . . . . . . . . . . . . . . . . . . . . . . . . Time 34 | . . . . . . . . . . . . . . . . . . . . . . . . . . . . 34 Total Part Build Rating 18 | . . . . . . . . . . . . . . . . . . . . . . . . . . . . 18 Parts Repaired 22 | . 4 . . . 2 . 6 . 4 . . 3 2 . . . . 1 . . . . . . . . . . Time 902 | . 104 . . . 76 . 296 . 176 . . 138 82 . . . . 30 . . . . . . . . . . Parts Recycled 3 | . . . . . . . . . . . . . . . . . . . . . . . . . . . 3 . Recycled Matter 1015 | . . . . . 760 . . . . . . . . . . . . 14 . . . . . 76 . . 165 . Retrieved Matter 1280 | . . . . . 1025 . . . . . . . . . . . . 14 . . . . . 76 . . 165 . Retrieved Components 13 | . . . . . . . . . . . 9 . . . . . . 2 . . . . . . . . 2 . Parts Scanalyzed 4 | . . . . . 1 . 2 . . . 1 . . . . . . . . . . . . . . . . . Part Schematics Acquired 3 | . . . . . . . 2 . . . 1 . . . . . . . . . . . . . . . . . Parts Damaged 2 | . . . . . 1 . 1 . . . . . . . . . . . . . . . . . . . . . Bothacking | -11 -10 -10 -10 -9 -8 -8 -8 -8 -8 -8 -7 -7 -6 -6 -6 -6 -6 -5 -5 -5 -5 -4 -4 -4 -4 -3 -2 -1 ------------ Run | Yrd Mat Min Exi Min Mat Gar Mat Gar Mat Gar Fac Sto Fac Ext Cet Arc Hub Fac Upp Upp Zhi Pro Fac Arm Lab Res Res Acc Used RIF Installer 4 | . . . . . . 1 . 1 . 2 . . . . . . . . . . . . . . . . . . Command Fork 1 | . . . . . . . . . . 1 . . . . . . . . . . . . . . . . . . Signal Jammer 1 | . . . . . . . . . . 1 . . . . . . . . . . . . . . . . . . Structural Interface 1 | . . . . . . . . 1 . . . . . . . . . . . . . . . . . . . . Robots Hacked 10 | . . . 4 . . . . . . . . . . . . 1 . . . . . . 2 . . 2 . 1 Non-combat 3 | . . . 3 . . . . . . . . . . . . . . . . . . . . . . . . . Combat 7 | . . . 1 . . . . . . . . . . . . 1 . . . . . . 2 . . 2 . 1 Robot Hacks Applied 4 | . . . 4 . . . . . . . . . . . . . . . . . . . . . . . . . parse_system 4 | . . . 4 . . . . . . . . . . . . . . . . . . . . . . . . . Relay Couplers Released 7 | . . . . . . . . 4 . 3 . . . . . . . . . . . . . . . . . . Machine Destruction 4 | . . . . . . . . 4 . . . . . . . . . . . . . . . . . . . . Programmers 3 | . . . . . . . . . . 3 . . . . . . . . . . . . . . . . . . Fabnet Peak Effective % 9 | . . . . . . . . . . . . . 3 3 3 3 3 1 1 1 1 9 9 9 9 9 5 4 Autooverrided 6 | . . . . . . . . . . . . . . . . 1 . . . . . . 2 . . 2 . 1 Robots Rewired 12 | . . . . . . . . 3 . 4 1 . . 4 . . . . . . . . . . . . . . Allies Hacked . | . . . . . . . . . . . . . . . . . . . . . . . . . . . . . Hacks Repelled . | . . . . . . . . . . . . . . . . . . . . . . . . . . . . . Allies | -11 -10 -10 -10 -9 -8 -8 -8 -8 -8 -8 -7 -7 -6 -6 -6 -6 -6 -5 -5 -5 -5 -4 -4 -4 -4 -3 -2 -1 -------- Run | Yrd Mat Min Exi Min Mat Gar Mat Gar Mat Gar Fac Sto Fac Ext Cet Arc Hub Fac Upp Upp Zhi Pro Fac Arm Lab Res Res Acc Total Allies 35 | . . . . 1 . . . 4 2 4 1 1 . 10 5 1 . . . . . . 3 . . 2 . 1 Largest Group 7 | . . . . 1 . . . 3 2 4 4 1 . 7 6 7 6 . . . . . 1 . . 1 . 1 Highest-Rated Group 557 | . . . . 31 . . . 20 10 118 118 37 . 328 508 557 508 . . . . . 54 . . 47 . 30 Highest-Rated Ally 159 | . . . . 31 . . . 20 5 31 31 37 . 159 159 96 96 . . . . . 54 . . 47 . 30 Total Orders 15 | . . . . . . . . . . . . . . . 6 4 5 . . . . . . . . . . . STAY 3 | . . . . . . . . . . . . . . . 3 . . . . . . . . . . . . . ROAM 3 | . . . . . . . . . . . . . . . . 1 2 . . . . . . . . . . . FOLLOW 5 | . . . . . . . . . . . . . . . 2 1 2 . . . . . . . . . . . GUARD 4 | . . . . . . . . . . . . . . . 1 2 1 . . . . . . . . . . . Ally Attacks 249 | . . . . 17 . . . 11 13 . 24 13 . 15 56 20 66 . . . . . 5 . . 6 . 3 Total Damage 6608 | . . . . 242 . . . 145 67 . 443 324 . 407 1291 890 2503 . . . . . 93 . . 153 . 50 Kills 48 | . . . . 4 . . . 2 1 . 5 3 . 4 6 3 18 . . . . . 1 . . 1 . . Allies Corrupted . | . . . . . . . . . . . . . . . . . . . . . . . . . . . . . Allies Melted 1 | . . . . . . . . 1 . . . . . . . . . . . . . . . . . . . . Intel | -11 -10 -10 -10 -9 -8 -8 -8 -8 -8 -8 -7 -7 -6 -6 -6 -6 -6 -5 -5 -5 -5 -4 -4 -4 -4 -3 -2 -1 ------- Run | Yrd Mat Min Exi Min Mat Gar Mat Gar Mat Gar Fac Sto Fac Ext Cet Arc Hub Fac Upp Upp Zhi Pro Fac Arm Lab Res Res Acc Active Infowar (turns) 1670 | 29 57 . . 1 12 . . . . . . . . . . . . 132 175 74 39 98 244 31 68 303 180 227 Optics 1057 | . . . . . . . . . . . . . . . . . . 132 175 74 39 98 244 31 68 196 . . Sensors 1 | . . . . 1 . . . . . . . . . . . . . . . . . . . . . . . . Seismic 84 | 29 55 . . . . . . . . . . . . . . . . . . . . . . . . . . . T.N.C. 2 | . 2 . . . . . . . . . . . . . . . . . . . . . . . . . . . Cloaking 579 | . . . . . 12 . . . . . . . . . . . . . . . . . . . . 160 180 227 Robot Analysis Total 25 | . 2 . . . 5 . 4 . 2 . . . 3 . . . 1 3 . . 4 . 1 . . . . . Derelict Logs Recovered 7 | . . 1 . 1 . . . . . . . . . . . . . . 2 1 . 2 . . . . . . Drone Launches . | . . . . . . . . . . . . . . . . . . . . . . . . . . . . . Drone Recoveries . | . . . . . . . . . . . . . . . . . . . . . . . . . . . . . Exploration | -11 -10 -10 -10 -9 -8 -8 -8 -8 -8 -8 -7 -7 -6 -6 -6 -6 -6 -5 -5 -5 -5 -4 -4 -4 -4 -3 -2 -1 ------------- Run | Yrd Mat Min Exi Min Mat Gar Mat Gar Mat Gar Fac Sto Fac Ext Cet Arc Hub Fac Upp Upp Zhi Pro Fac Arm Lab Res Res Acc Turns Passed 35927 | 67 2520 940 1084 832 5949 1338 4506 1577 6688 1412 4663 1349 236 456 215 70 333 214 175 74 39 98 244 31 68 325 180 244 Spaces Moved 21804 | 42 1213 530 502 458 1958 632 1857 854 2003 685 2401 561 427 893 264 84 885 689 676 261 129 418 706 131 167 966 567 845 Core 3 | . . . . . . . . . . . . 2 . 1 . . . . . . . . . . . . . . Treads 13660 | 5 1213 530 502 458 1958 632 1857 854 2003 685 2401 559 3 . . . . . . . . . . . . . . . Legs 37 | 37 . . . . . . . . . . . . . . . . . . . . . . . . . . . . Wheels . | . . . . . . . . . . . . . . . . . . . . . . . . . . . . . Hover 1 | . . . . . . . . . . . . . . . . . . . . 1 . . . . . . . . Flight 8103 | . . . . . . . . . . . . . 424 892 264 84 885 689 676 260 129 418 706 131 167 966 567 845 Fastest Speed 10 | 120 160 160 160 160 160 162 157 157 153 170 170 168 20 20 20 20 20 23 20 20 20 20 20 20 20 17 22 10 Average Speed 110 | 124 160 160 160 160 160 162 157 157 166 170 170 171 23 21 20 20 21 23 22 20 20 20 20 20 20 21 24 19 Slowest Speed 850 | 160 160 240 160 160 162 162 162 157 170 170 250 850 168 500 20 20 23 26 23 220 20 20 20 20 20 23 26 20 Overloaded Moves . | . . . . . . . . . . . . . . . . . . . . . . . . . . . . . Propulsion Burnouts . | . . . . . . . . . . . . . . . . . . . . . . . . . . . . . Robots Hopped 97 | . . . . . . . . . . . . . 2 16 . 4 26 1 6 4 . . 14 . . 16 3 5 Potential Cave-ins 2 | . . . . . . . . . . . . . . . . . . . . . . 2 . . . . . . Cave-ins Triggered . | . . . . . . . . . . . . . . . . . . . . . . . . . . . . . Teleports 1 | . . . . . . . . . . . . . . . . . . . . . . . . 1 . . . . Exploration Rate (%) 62 | 3 99 99 71 87 99 71 98 75 99 95 49 83 13 93 66 74 65 25 74 50 61 66 23 14 95 30 19 24 Regions Visited 28 Branch Regions 14 Pre-discovered Areas 13 | . 2 . 1 . 2 . 2 . 1 . 2 . . . . . . . . . 3 . . . . . . . Known Exits Taken 11 | . . . . . 1 . 1 . 1 . 1 1 1 . . . . 1 . . . 1 1 . . 1 1 . Unknown Exits Taken 14 | 1 1 1 1 1 . . . . . . . . . 1 1 1 1 . 1 1 1 . . 1 1 . . . Scrap Searched 6 | . . 1 . 1 . . . . . . . . . . . . . . 1 2 . 1 . . . . . . Spaces Dug 277 | . . . . . 2 . 12 . . . . 5 2 . 13 . 43 14 . . . 92 67 . . 16 1 10 Terrain Destroyed 1314 | . . . . 10 41 4 95 38 95 20 265 39 2 72 32 . 261 14 . . . 92 84 . . 17 1 132 Melee . | . . . . . . . . . . . . . . . . . . . . . . . . . . . . . Projectile 302 | . . . . . 41 4 64 6 65 6 47 39 2 . . . . . . . . . . . . 17 1 10 AOE 1012 | . . . . 10 . . 31 32 30 14 218 . . 72 32 . 261 14 . . . 92 84 . . . . 122 Terrain Rammed . | . . . . . . . . . . . . . . . . . . . . . . . . . . . . . Walls Destroyed . | . . . . . . . . . . . . . . . . . . . . . . . . . . . . . Machines Disabled . | . . . . . . . . . . . . . . . . . . . . . . . . . . . . . Actions | -11 -10 -10 -10 -9 -8 -8 -8 -8 -8 -8 -7 -7 -6 -6 -6 -6 -6 -5 -5 -5 -5 -4 -4 -4 -4 -3 -2 -1 --------- Run | Yrd Mat Min Exi Min Mat Gar Mat Gar Mat Gar Fac Sto Fac Ext Cet Arc Hub Fac Upp Upp Zhi Pro Fac Arm Lab Res Res Acc Total 31743 | 53 1630 583 756 518 4551 801 3238 977 5140 816 2763 805 553 1116 419 132 980 738 687 275 141 424 785 134 197 1044 598 889 Wait 8229 | . 275 15 222 20 2328 46 1204 43 2975 39 197 139 87 163 136 53 98 29 11 18 . . 69 . 19 32 2 9 Move 21592 | 41 1212 529 501 457 1957 631 1856 853 2002 684 2400 560 422 864 263 75 835 686 664 253 128 417 678 130 166 934 560 834 Hop 86 | . . . . . . . . . . . . . 2 12 . 4 23 1 5 3 . . 13 . . 15 3 5 Pick Up 165 | . 22 5 4 . 39 12 11 . 9 1 11 8 4 2 1 . . 5 . 1 1 . 4 . 2 8 11 4 Fast Attach 87 | 1 2 2 . 3 4 5 11 . 6 2 10 8 2 1 4 . 3 4 2 . 6 . 2 . 1 5 3 . Attach 59 | 2 1 . 3 1 8 3 3 . 2 2 4 2 6 1 . . . 4 1 . . . 3 1 . 6 3 3 Detach 29 | 2 1 . . 1 1 . 4 . 4 1 3 1 3 1 . . . 2 . . 1 . 1 . . 2 . 1 Swap 149 | . 7 3 2 7 30 10 14 6 12 3 15 3 9 6 3 . 1 . 2 . . . 6 2 . 6 . 2 Drop 210 | 2 11 6 5 . 47 21 14 . 15 2 12 11 12 1 6 . 2 6 2 . 5 . 3 1 4 12 9 1 Fire 909 | 5 83 22 15 24 120 73 85 53 90 52 93 69 6 15 6 . 18 1 . . . 7 6 . 5 24 7 30 Melee 4 | . . . 4 . . . . . . . . . . . . . . . . . . . . . . . . . Ram . | . . . . . . . . . . . . . . . . . . . . . . . . . . . . . Kick . | . . . . . . . . . . . . . . . . . . . . . . . . . . . . . Crush 108 | . 16 1 . 1 17 . 31 . 25 . 13 4 . . . . . . . . . . . . . . . . Escape Stasis 32 | . . . . . . . . . . . . . . 32 . . . . . . . . . . . . . . Rewire 80 | . . . . . . . 5 22 . 30 5 . . 18 . . . . . . . . . . . . . . Trap 4 | . . . . 4 . . . . . . . . . . . . . . . . . . . . . . . . Miscellaneous . | . . . . . . . . . . . . . . . . . . . . . . . . . . . . . Route ------- -11/Scrapyard -10/Materials (discovered 5 exits: *Mat x3 / *Min x2) -10/Mines (discovered 4 exits: *Mat x2 / *Exi / [*Sub]) -10/Exiles (discovered 2 exits: [*Min x2]) -9/Mines -8/Materials (discovered 4 exits: *Fac x3 / Gar) -8/Garrison (discovered 3 exits: *Mat x3) -8/Materials (discovered 4 exits: *Fac x3 / Gar) -8/Garrison (discovered 4 exits: *Fac x3 / *Mat) -8/Materials (discovered 4 exits: *Fac x3 / Gar) -8/Garrison (discovered 3 exits: *Fac x3) -7/Factory (discovered 6 exits: *Fac x2 / *Sto x2 / *Low x2) -7/Storage (discovered 2 exits: *Fac / Gar) -6/Factory (discovered 4 exits: Low x2 / *Ext x2) -6/Extension (discovered 2 exits: *Fac / *Cet) -6/Cetus -6/Archives -6/Hub_04(d) (discovered 2 exits: *Fac x2) -5/Factory (discovered 2 exits: *Upp x2) -5/Upper Caves -5/Upper Caves (discovered 2 exits: *Fac / *Zhi) -5/Zhirov -4/Proximity Caves -4/Factory (discovered 4 exits: *Res / Upp x2 / *Arm) -4/Armory -4/Lab -3/Research (discovered 3 exits: *Res x3) -2/Research (discovered 5 exits: *Acc x3 / Qua x2) -1/Access To Epsilon Eridani History --------- Turn | Location | Event 1 | -11/Scrapyard | Discovered new exit (range 3) 68 | -11/Scrapyard | Entered Materials 161 | -10/Materials | Central database locked down 219 | -10/Materials | Discovered new exit (range 10) 219 | -10/Materials | Discovered new exit (range 12) 312 | -10/Materials | Build established: Mutant 801 | -10/Materials | Discovered new exit (range 14) 1048 | -10/Materials | Discovered new exit (range 3) 2164 | -10/Materials | Repaired Lgt. Armor Plating 2191 | -10/Materials | Repaired Assault Rifle 2218 | -10/Materials | Repaired Lgt. Treads 2246 | -10/Materials | Repaired Lgt. Treads 2490 | -10/Materials | Discovered new exit (range 11) 2588 | -10/Materials | Entered Mines 2668 | -10/Mines | Met a Derelict bent on vengeance 2673 | -10/Mines | Deemed a non-threat by the Exiles lab entrance 2674 | -10/Mines | Discovered new exit (range 5) 2697 | -10/Mines | Discovered new exit (range 8) 2739 | -10/Mines | Met a Derelict who couldn't figure out how to use a Trap Extractor 3081 | -10/Mines | Identified exit to Materials 3172 | -10/Mines | Discovered exit to Materials (range 9) 3179 | -10/Mines | Received a Rocket Launcher from a helpful Derelict 3528 | -10/Mines | Entered Exiles 3554 | -10/Exiles | Discovered new exit (range 15) 3572 | -10/Exiles | Met 8R-AWN 3601 | -10/Exiles | Met EX-HEX 3690 | -10/Exiles | Met EX-DEC 3732 | -10/Exiles | Learned location of Zion (-6) 3836 | -10/Exiles | Met EX-BIN 3978 | -10/Exiles | Aligned with FarCom system 3980 | -10/Exiles | Given EX-Vault access code 4017 | -10/Exiles | Opened EX-Vault 4060 | -10/Exiles | Warned to stay clear of 0b10 Research branches 4082 | -10/Exiles | Exiles lab attacked by MAIN.C 4151 | -10/Exiles | Found Cloak of Protection 4286 | -10/Exiles | Discovered new exit (range 10) 4595 | -10/Exiles | Core integrity fell below 50% 4612 | -10/Exiles | Left Exiles lab with Cloak of Protection 4612 | -10/Exiles | Entered Mines 4633 | -9/Mines | Found a hidden stash of uninstalled traps 4741 | -9/Mines | Assembled infested the area 4746 | -9/Mines | Assisted by a Guerilla fighting off Assembled 4888 | -9/Mines | Learned Materials terminal intel 4915 | -9/Mines | Received a Mining Laser from a helpful Derelict 5117 | -9/Mines | Discovered new exit (range 10) 5157 | -9/Mines | Found a damaged Exp. Sensor Array with a note attached 5161 | -9/Mines | Found Prototype Device 5161 | -9/Mines | Identified Exp. Sensor Array 5444 | -9/Mines | Entered Materials 5444 | -8/Materials | Evolved 4 slots: Propulsion x2, Utility x1, Weapon x1 5445 | -8/Materials | Loaded intel: 12 terminal locations 5750 | -8/Materials | Build established: Scavenger-Skirmisher 5933 | -8/Materials | Identified exit to Garrison 6274 | -8/Materials | Discovered new exit (range 16) 6509 | -8/Materials | Build established: Skirmisher 6938 | -8/Materials | Discovered new exit (range 16) 7508 | -8/Materials | Discovered new exit (range 3) 7866 | -8/Materials | Repaired Assault Cannon 7904 | -8/Materials | Repaired Assault Cannon 8303 | -8/Materials | Garrison activated, responded to threat 10731 | -8/Materials | Garrison activated, responded to threat 10984 | -8/Materials | Build established: Tank 11049 | -8/Materials | Sterilization system engaged 11049 | -8/Materials | Non-combat units ordered to evacuate 11149 | -8/Materials | Combat units ordered to evacuate 11349 | -8/Materials | Ambient heat levels rising (+10) 11393 | -8/Materials | Entered Garrison 11445 | -8/Garrison | Triggered checkpoint 11650 | -8/Garrison | Spotted B-75 Beast 11668 | -8/Garrison | Destroyed B-75 Beast 12015 | -8/Garrison | Triggered checkpoint 12086 | -8/Garrison | Discovered new exit (range 34) 12086 | -8/Garrison | Discovered new exit (range 22) 12086 | -8/Garrison | Discovered new exit (range 69) 12137 | -8/Garrison | Triggered checkpoint 12184 | -8/Garrison | Installed Relay Interface Framework 12317 | -8/Garrison | Triggered checkpoint 12555 | -8/Garrison | Triggered checkpoint 12631 | -8/Garrison | Triggered checkpoint 12731 | -8/Garrison | Entered Materials 14159 | -8/Materials | Identified exit to Garrison 14251 | -8/Materials | Discovered new exit (range 13) 14602 | -8/Materials | Identified exit to Factory 15048 | -8/Materials | Garrison activated, responded to threat 15192 | -8/Materials | Repaired Magnetic Acceleration Cannon 15236 | -8/Materials | Repaired Imp. Medium Armor Plating 15280 | -8/Materials | Repaired Imp. Medium Armor Plating 15330 | -8/Materials | Repaired Magnetic Acceleration Cannon 15368 | -8/Materials | Repaired Arm. Treads 15644 | -8/Materials | Build established: Hacker-Skirmisher 16081 | -8/Materials | Build established: Tank 16215 | -8/Materials | Repaired Broken Adv. Heat Sink 17059 | -8/Materials | Sterilization system engaged 17059 | -8/Materials | Non-combat units ordered to evacuate 17159 | -8/Materials | Combat units ordered to evacuate 17237 | -8/Materials | Entered Garrison 17366 | -8/Garrison | Triggered checkpoint 17366 | -8/Garrison | Garrison Relay disabled 17417 | -8/Garrison | Triggered checkpoint 17433 | -8/Garrison | Discovered new exit (range 5) 17625 | -8/Garrison | Triggered checkpoint 17743 | -8/Garrison | Triggered checkpoint 17763 | -8/Garrison | Triggered checkpoint 17768 | -8/Garrison | Destroyed 10 combat bots 17823 | -8/Garrison | Triggered checkpoint 17876 | -8/Garrison | Rescued a captive Derelict 17887 | -8/Garrison | Triggered checkpoint 17954 | -8/Garrison | Discovered exit to Factory (range 12) 18067 | -8/Garrison | Triggered checkpoint 18094 | -8/Garrison | Discovered exit to Factory (range 10) 18319 | -8/Garrison | Discovered exit to Factory (range 15) 18372 | -8/Garrison | Expanded RIF knowledge: Structural Interface 18465 | -8/Garrison | Triggered checkpoint 18814 | -8/Garrison | Entered Materials 19114 | -8/Materials | Build established: Hacker-Skirmisher 19357 | -8/Materials | Destroyed 7 combat bots 19870 | -8/Materials | Repaired Adv. Treads 19920 | -8/Materials | Repaired Magnetic Acceleration Cannon? 19977 | -8/Materials | Repaired Arm. Treads? 21259 | -8/Materials | Discovered exit to Factory (range 14) 21298 | -8/Materials | Build established: Tank 21885 | -8/Materials | Discovered exit to Factory (range 16) 22375 | -8/Materials | Discovered exit to Factory (range 14) 22444 | -8/Materials | Identified exit to Garrison 22528 | -8/Materials | Repaired Magnetic Acceleration Cannon 22552 | -8/Materials | Garrison activated, responded to threat 25339 | -8/Materials | Sterilization system engaged 25339 | -8/Materials | Non-combat units ordered to evacuate 25439 | -8/Materials | Combat units ordered to evacuate 25502 | -8/Materials | Entered Garrison 25538 | -8/Garrison | Triggered checkpoint 25818 | -8/Garrison | Triggered checkpoint 25854 | -8/Garrison | Triggered checkpoint 25879 | -8/Garrison | Destroyed 7 combat bots 26042 | -8/Garrison | Expanded RIF knowledge: Command Fork 26084 | -8/Garrison | Discovered exit to Factory (range 12) 26100 | -8/Garrison | Triggered checkpoint 26110 | -8/Garrison | Learned Factory security intel 26176 | -8/Garrison | Expanded RIF knowledge: Signal Jamming 26385 | -8/Garrison | Discovered exit to Factory (range 12) 26392 | -8/Garrison | Triggered checkpoint 26492 | -8/Garrison | Triggered checkpoint 26547 | -8/Garrison | Core integrity fell below 50% 26598 | -8/Garrison | Triggered checkpoint 26666 | -8/Garrison | Discovered exit to Factory (range 12) 26914 | -8/Garrison | Entered Factory 26914 | -7/Factory | Accompanied by 4 allies 26914 | -7/Factory | Evolved 2 slots: Propulsion x1, Utility x1 27119 | -7/Factory | Build established: Commander-Tank 27229 | -7/Factory | Discovered new exit (range 12) 27666 | -7/Factory | Build established: Tank 27870 | -7/Factory | Discovered new exit (range 13) 28158 | -7/Factory | Identified exit to Storage 28486 | -7/Factory | Discovered new exit (range 9) 28686 | -7/Factory | Discovered new exit (range 5) 29234 | -7/Factory | Discovered new exit (range 10) 29833 | -7/Factory | Discovered new exit (range 10) 30145 | -7/Factory | Identified exit to Lower Caves 31577 | -7/Factory | Entered Storage 31583 | -7/Storage | Identified exit to Garrison 31650 | -7/Storage | Repaired Magnetic Acceleration Cannon 31694 | -7/Storage | Repaired Med. Reactive Plating 32079 | -7/Storage | Garrison activated, responded to threat 32672 | -7/Storage | Repaired Imp. Medium Armor Plating 32739 | -7/Storage | Identified exit to Factory 32926 | -7/Storage | Entered Factory 32926 | -6/Factory | Evolved 2 slots: Power x1, Propulsion x1 33005 | -6/Factory | Repaired Imp. Medium Armor Plating 33050 | -6/Factory | Identified exit to Lower Caves 33050 | -6/Factory | Identified exit to Extension 33146 | -6/Factory | Repaired Imp. Light Armor Plating 33162 | -6/Factory | Entered Extension 33318 | -6/Extension | Rescued a captive Derelict 33318 | -6/Extension | Spotted B-75 Beast 33321 | -6/Extension | Spotted B-75 Beast 33384 | -6/Extension | Rescued a captive Derelict 33407 | -6/Extension | Rescued a captive Derelict 33407 | -6/Extension | Rescued a captive Derelict 33415 | -6/Extension | Rescued a captive Derelict 33417 | -6/Extension | Rescued a captive Derelict 33466 | -6/Extension | Rescued a captive Derelict 33477 | -6/Extension | Lost 4 allies 33480 | -6/Extension | Rescued A7 33555 | -6/Extension | Discovered new exit (range 10) 33555 | -6/Extension | Discovered new exit (range 6) 33618 | -6/Extension | Entered Cetus 33618 | -6/Cetus | Accompanied by 6 allies (A7) 33622 | -6/Cetus | Spotted Cetus Guard 33622 | -6/Cetus | Spotted Cetus Guard 33622 | -6/Cetus | Spotted Cetus Guard 33630 | -6/Cetus | Acquired a Cetus Manufacturing Module code from A7 33634 | -6/Cetus | Spotted Cetus Guard 33649 | -6/Cetus | Destroyed Cetus Guard 33652 | -6/Cetus | Allies destroyed Cetus Guard 33672 | -6/Cetus | Started Cetus Manufacturing Module 33673 | -6/Cetus | Lost 3 allies 33693 | -6/Cetus | Discovered new exit (range 16) 33697 | -6/Cetus | Manufactured an Enhanced Grunt 33705 | -6/Cetus | Spotted Cetus Guard 33722 | -6/Cetus | Manufactured an Enhanced Grunt 33747 | -6/Cetus | Manufactured an Enhanced Grunt 33764 | -6/Cetus | Spotted Cetus Guard 33764 | -6/Cetus | Spotted Cetus Guard 33772 | -6/Cetus | Manufactured an Enhanced Grunt 33784 | -6/Cetus | Extracted ID and sensor layout for unrecognized location from A7's data core 33797 | -6/Cetus | Manufactured an Enhanced Grunt 33833 | -6/Cetus | Entered Archives 33833 | -6/Archives | Accompanied by 6 allies 33874 | -6/Archives | Discovered new exit (range 16) 33903 | -6/Archives | Entered Hub_04(d) 33903 | -6/Hub_04(d) | Accompanied by 6 allies 33966 | -6/Hub_04(d) | Discovered new exit (range 14) 34046 | -6/Hub_04(d) | Network Hub disabled 34070 | -6/Hub_04(d) | Discovered new exit (range 11) 34193 | -6/Hub_04(d) | Lost 3 allies 34231 | -6/Hub_04(d) | Spotted Lightning 34236 | -6/Hub_04(d) | Spotted Lightning 34236 | -6/Hub_04(d) | Entered Factory 34236 | -5/Factory | Evolved 2 slots: Power x1, Propulsion x1 34290 | -5/Factory | Repaired Imp. VTOL Module 34314 | -5/Factory | Build established: Hacker-Sprinter 34332 | -5/Factory | Identified exit to Upper Caves 34419 | -5/Factory | Central database locked down 34450 | -5/Factory | Entered Upper Caves 34459 | -5/Upper Caves | Learned Factory security intel 34550 | -5/Upper Caves | Learned Factory terminal intel 34607 | -5/Upper Caves | Discovered new exit (range 4) 34625 | -5/Upper Caves | Entered another Upper Caves area 34628 | -5/Upper Caves | Discovered new exit (range 15) 34643 | -5/Upper Caves | Encountered a Warlord checkpoint 34650 | -5/Upper Caves | Learned location of 1 exit from Factory 34697 | -5/Upper Caves | Discovered new exit (range 7) 34699 | -5/Upper Caves | Entered Zhirov 34699 | -5/Zhirov | Discovered new exit (range 3) 34703 | -5/Zhirov | Met Zhirov 34708 | -5/Zhirov | Learned location of Quarantine (-2) 34708 | -5/Zhirov | Learned location of Testing (-3) 34708 | -5/Zhirov | Learned location of Command (-1) 34709 | -5/Zhirov | Zhirov requested help retrieving the SGEMP Prototype 34712 | -5/Zhirov | Found Alien Artifact 34712 | -5/Zhirov | Identified Integrated Dissipator 34712 | -5/Zhirov | Installed Integrated Dissipator, increased core heat dissipation (+20) 34730 | -5/Zhirov | Found Alien Artifact 34738 | -5/Zhirov | Entered Proximity Caves 34773 | -4/Proximity Caves | Identified exit to Factory 34787 | -4/Proximity Caves | Spotted B-86 Titan 34836 | -4/Proximity Caves | Entered Factory 34836 | -4/Factory | Evolved 2 slots: Propulsion x2 34837 | -4/Factory | Identified exit to Upper Caves 34839 | -4/Factory | Loaded intel: 26 terminal locations 34981 | -4/Factory | Discovered new exit (range 19) 34992 | -4/Factory | Identified exit to Armory 35080 | -4/Factory | Entered Armory 35108 | -4/Armory | Identified Transdimensional Reconstructor 35108 | -4/Armory | Warped through subspace to slip node 35108 | -4/Armory | Discovered new exit (range 1) 35111 | -4/Armory | Entered Lab 35111 | -4/Lab | Discovered new exit (range 9) 35114 | -4/Lab | Hidden lab's door opened automatically 35114 | -4/Lab | Sensor layout match revealed 35114 | -4/Lab | Unable to decrypt terminal 35115 | -4/Lab | Gained access to the hidden lab's interior 35135 | -4/Lab | Found Prototype Hackware 35138 | -4/Lab | Found Prototype Energy Cannon 35138 | -4/Lab | Identified Warp Cannon 35156 | -4/Lab | Found Alien Artifact 35179 | -4/Lab | Entered Research 35179 | -3/Research | Evolved 2 slots: Power x1, Propulsion x1 35192 | -3/Research | Identified Integrated Mediator 35192 | -3/Research | Installed Integrated Mediator, increased core attachment efficiency 35199 | -3/Research | Identified Quantum Router 35277 | -3/Research | Spotted B-86 Titan 35392 | -3/Research | Identified exit to Research 35446 | -3/Research | Found Prototype Device 35485 | -3/Research | Identified Exp. Thermal Shield 35504 | -3/Research | Entered another Research area 35504 | -2/Research | Evolved 2 slots: Propulsion x2 35505 | -2/Research | Identified exit to Quarantine 35622 | -2/Research | Identified exit to Access 35681 | -2/Research | Found Prototype Launcher 35684 | -2/Research | Entered Access 35684 | -1/Access | Evolved 2 slots: Propulsion x2 35693 | -1/Access | Identified Gui. Micro-nuke Launcher 35827 | -1/Access | Spotted B-99 Colossus 35879 | -1/Access | Fabricated Enh. Nova Cannon? 35915 | -1/Access | Spotted B-99 Colossus 35926 | -1/Access | Discovered new exit (range 3) 35928 | *** | Escaped! Last Messages --------------- 35916_ Slug penetrates Wall. 35916_ Penetrated by Slug. 35916_ Backup Power I destroyed. 35916_ Penetrated by Slug. 35916_ Gui. Micro-nuke Launcher destroyed. 35916_ Slug penetrates Reinforced Barrier. 35916_ Penetrated by Slug. 35916_ Slug penetrates Wall. 35916_ Slug penetrates Wave Collapse Detector. 35919_ Penetrated by Slug. 35919_ Slug penetrates Wall. 35919_ Penetrated by Slug. 35919_ Slug penetrates Wave Collapse Detector. 35919_ Penetrated by Slug. 35923_ Slug penetrates Sealed Heavy Doors. 35926_ Main Access Shell breached. 35926_ EXIT=FOUND 35926_ Slug penetrates Main Access Shell. [Achievement: Hardcore] [Achievement: True Cogmind] Map ----- +----------------------------------------------------+ | " ########### #??????????????? | | """" # # #??????????????? | | """" # ! # #??????????????? | | """"" # " # #??????????????? | | """" # """ + #??????????????? | | " # """ # * #??????????????? | | # " # ] #??????????????? | | # # ####""]""###??????????????? | | # #ss#??#""F""#????????????????? | | #"#########s #??# """ #????????????????? | | #########""##??????## ##?#######????????????????? | | ###???????#s s ###############+######/### | | * #?????????# s | | "G"" #?????????# Y g g | | " " #?????????# ############## ###/#####? | | #?????????######????????????# #????????? | | #???????????????????????????# #????????? | | " #??????????????????????????## #????????? | | """ #?????????????????????????##" #????????? | | """ #????????????????????????## # #????????? | | " %"########??##########"####"## #????????? | | ! %% "??" " #????????? | | # BB "??" " #????????? | | #####+""## BB "??" """""" " #????????? | | % ""?" " " " #????????? | | "?" " "@ " #????????? | | """ " "" " " #????????? | | p " " " h#????????? | | ### ### BB """" """""" " #????????? | | ??# #?# BB "??" ??? """" """ #????????? | | ??# #?# "??" ?? """"T""" h#????????? | | ??# #?#########??######?###"####### #????????? | | ??# #?????????????????????????????# #????????? | | ??# #?????????????????????????????# ########## | | ??# #?????????????????????????????# # | | ??# #?????????????????############# # | | ??# ??????????????????# " + + * | | ??# ??????????????????### # # | | ??? ????????????????????# # # | | ???????????????????????????# # # | | ???????????????????????????# ]]]# # | | ???????????????????????????# ]] # # | | ???????????????????????????# ]] # ########## | | ???????????????????????????# # #????????? | | ???????????????????????????########### ########## | | ?????????????????????????????????????# | | ?????????????????????????????????????# | | ???????????????????????????????????########+###### | | ???????????????????????????????????# = #? | | ???????????????????????????????????# =#? | +----------------------------------------------------+ Best States ------------- Heat Dissipation 72 Energy Generation 49 Energy Capacity 330 Matter Stores 300 Matter Capacity 300 Sight Range 22 Terrain Scan Density 10 Cloak Strength 5 Armor Coverage 675 Resistance: KI 50 Resistance: TH 20 Resistance: EX 20 Resistance: EM 20 Resistance: I 20 Resistance: S 20 Resistance: P 20 Weapon Shielding 90 Evasion (%) 74 Core Analysis 6 Recoil Reduction 5 Offensive Hacking 34 Defensive Hacking 39 Item Schematics ----------------- Enh. Autogun | -8/Materials | Scanalyzed Adv. Heat Sink | -8/Materials | Scanalyzed Sml. Storage Unit | -8/Materials | Extracted Airjet | -8/Materials | Extracted Targeting Computer | -8/Materials | Extracted Imp. Signal Interpreter | -8/Materials | Extracted Lgt. Deuterium Engine | -8/Materials | Extracted Datajack | -8/Materials | Extracted Shield Generator | -8/Materials | Extracted Imp. Power Shielding | -8/Materials | Extracted Hacking Suite | -8/Materials | Extracted Cesium-ion Thruster | -8/Materials | Extracted Hrd. Light Armor Plating | -8/Materials | Extracted Hardlight Generator | -8/Materials | Extracted Great Maul | -8/Materials | Extracted Adv. Treads | -8/Materials | Extracted Med. Battery | -8/Materials | Extracted Seismic Detector | -8/Materials | Extracted Shotgun | -8/Materials | Extracted Com. Battery | -8/Materials | Extracted Lrg. Battery | -8/Materials | Extracted Imp. Hacking Suite | -7/Factory | Scanalyzed Imp. Titanium Leg | -7/Factory | Extracted Imp. Carbon-fiber Leg | -7/Factory | Extracted Weapon Cycler | -7/Factory | Extracted Imp. Cooling System | -7/Factory | Extracted Hvy. Particle Cannon | -7/Factory | Extracted Adv. Targeting Computer | -7/Factory | Extracted Prc. Shock Rifle | -7/Factory | Extracted Missile Launcher | -7/Factory | Extracted EM Shotgun | -7/Factory | Extracted Imp. Melee Analysis Suite | -7/Factory | Extracted Angular Momentum Engine | -6/Hub_04(d) | Hacked Assault Drone Bay | -5/Zhirov | Free Exp. Heat Sink | -5/Zhirov | Free Exp. Optical Array | -5/Zhirov | Free Imp. Arc Thrower | -5/Zhirov | Free Robot Schematics ------------------ None Fabricated ------------ Enh. Nova Cannon | x2 | -1/Access | Preloaded Repaired ---------- Lgt. Armor Plating | 16% | -10/Materials Assault Rifle | 23% | -10/Materials Lgt. Treads | 52% | -10/Materials Lgt. Treads | 61% | -10/Materials Assault Cannon | 76% | -8/Materials Assault Cannon | 84% | -8/Materials Magnetic Acceleration Cannon | 51% | -8/Materials Imp. Medium Armor Plating | 46% | -8/Materials Imp. Medium Armor Plating | 70% | -8/Materials Magnetic Acceleration Cannon | 74% | -8/Materials Arm. Treads | 62% | -8/Materials Adv. Heat Sink | 94% | -8/Materials | Broken Adv. Treads | 33% | -8/Materials Magnetic Acceleration Cannon | 38% | -8/Materials Arm. Treads | 52% | -8/Materials Magnetic Acceleration Cannon | 50% | -8/Materials Magnetic Acceleration Cannon | 19% | -7/Storage Med. Reactive Plating | 36% | -7/Storage Imp. Medium Armor Plating | 6% | -7/Storage Imp. Medium Armor Plating | 30% | -6/Factory Imp. Light Armor Plating | 38% | -6/Factory Imp. VTOL Module | 38% | -5/Factory Alien Tech Used ----------------- Integrated Dissipator Transdimensional Reconstructor Integrated Mediator Achievements -------------- Hardcore True Cogmind Challenges ------------ None Game ------ Seed ImprovedRapidCycler Manual? 0 Play Time 06:14:41 Cumulative 452.9 hours Start 2025.06.10 @ 12:17:11 End 2025.06.26 @ 14:37:24 Sessions 13 Manual Loads 0 Difficulty Adventurer Special Mode None Game No. 127 Rogue 81 Adventurer 46 Explorer 0 Win Type 0 Total 29 Types 21/0/5/1/2/0/0/0/0/0 Lore% 74 Gallery% 85 Achievement% 87 Wizard Run 0 Options --------- Layout 0 ASCII 0 Keyboard 1 Movement Vi Keybinds 0 Fullscreen 2 Font 16/Tamsyn Map View 89x57 Zoom Use 0% Tactical HUD 1 Map Filters NONE Filters NONE Steam 1 RUN: 8f6e9324-9006-4870-b693-97467cfd06a9